 Dungeon Crawl Stone Soup version 0.23.1 (webtiles) character file.

Game seed: 17368075576205171558

43 Borgoz the Skirmisher (level 3, -4/31 HPs)
             Began as a Ghoul Monk on Mar 18, 2019.
             Slain by a gnoll
             ... wielding a +0 club
              (7 damage)
             ... on level 1 of the Dungeon.
             The game lasted 00:02:47 (1109 turns).

Borgoz the Skirmisher (Ghoul Monk)                  Turns: 1109, Time: 00:02:48

Health: -4/31      AC:  2    Str: 14    XL:     3   Next: 58%
Magic:  2/2        EV: 13    Int:  6    God:
Gold:   91         SH:  0    Dex: 11    Spells: 2/2 levels left

rFire    . . .     SeeInvis .   a - +0 short sword
rCold    + . .     Gourm    .   (no shield)
rNeg     + + +     Faith    .   b - +0 robe
rPois    ∞         Spirit   .   (no helmet)
rElec    .         Reflect  .   (no cloak)
rCorr    .         Harm     .   (no gloves)
MR       .....                  (no boots)
Stlth    ++........             (no amulet)
HPRegen  0.00/turn              (no ring)
MPRegen  0.08/turn              (no ring)

@: rotting
A: rotting body, claws 1, carnivore, cold resistance 1, negative energy
resistance 3, inhibited regeneration, torment resistance, unbreathing
a: no special abilities


You were on level 1 of the Dungeon.
You were not hungry.

You visited 1 branch of the dungeon, and saw 2 of its levels.

You collected 91 gold pieces.

Inventory:

Hand Weapons
 a - a +0 short sword (weapon)
Missiles
 h - 8 javelins (quivered)
Armour
 b - a +0 robe (worn)
Jewellery
 g - an uncursed ring of protection from cold {unknown}
Scrolls
 d - a scroll of fear {unknown}
 f - a scroll of identify {unknown}
 k - a scroll of remove curse {unknown}
Potions
 j - a potion of lignification
Comestibles
 c - 3 rations


   Skills:
 + Level 3.6 Fighting
 * Level 3.2 Short Blades
 + Level 0.9 Armour
 + Level 2.9 Dodging
 + Level 2.7 Stealth


You had 2 spell levels left.
You didn't know any spells.
Your spell library was empty.

Dungeon Overview and Level Annotations

Branches:
Dungeon (2/15)

Altars:


Innate Abilities, Weirdness & Mutations

Your body is rotting away.
You thrive on raw meat.
You are immune to poison.
You have sharp fingernails.
You are carnivorous and can eat meat at any time.
Your flesh is cold resistant. (rC+)
You are immune to negative energy. (rN+++)
You do not regenerate when monsters are visible.
You are immune to unholy pain and torment.
You can survive without breathing.


Message History

The gnoll is heavily wounded.
The gnoll misses you.
Eat one of 3 chunks of flesh? (ye/n/q)
You eat one of the 3 chunks of flesh.
This raw flesh tastes great!
The gnoll barely misses you. The gnoll closely misses you.
Eat one of 2 chunks of flesh? (ye/n/q)
You eat one of the 2 chunks of flesh.
This raw flesh tastes great!
The gnoll barely misses you. The gnoll hits you with a +0 spear.
* * * LOW HITPOINT WARNING * * *
Eat a chunk of flesh? (ye/n/q)
You eat the chunk of flesh.
This raw flesh tastes great!
The gnoll hits you but does no damage. The gnoll hits you with a +0 spear.
* * * LOW HITPOINT WARNING * * *
Okay, then.
It was a potion of curing.
You feel better. The gnoll closely misses you.
The gnoll hits you with a +0 club!
* * * LOW HITPOINT WARNING * * *
It was a potion of lignification.
You feel woody for a moment. The gnoll hits you but does no damage.
The gnoll hits you with a +0 club!
You die...

############## #............#
#......#####.# #.####.# #.#
############### #.# #.# #.#
#.....>.......# ####.# #.# #.#
#.###########.# ...#.#
#.#####g###.# ######.#
...#.####.......@)..# ###......#
#...#.##....##.g.#### #.........
...###..#.#........# #.#.####.#
#.## ##.##.###...#.# #.#.# #.#
#.# ##.##.###.##.# ###.#.# #.#
..## ##.####.......###.....####.#
##.###.####.####.#.........##...#
###.#..###..# #...###(.........#
# ##.##.#.#)# ##.## #.....##...#


You could see 2 gnolls.

Vanquished Creatures
  A gnoll (D:1)
  A leopard gecko (D:1)
  2 ball pythons
  5 bats
  3 giant cockroaches (D:1)
  3 hobgoblins (D:1)
  5 kobolds (D:1)
  2 frilled lizards (D:1)
  7 goblins (D:1)
  A rat (D:1)
30 creatures vanquished.

Notes
Turn   | Place    | Note
-------+----------+-------------------------------------------
     0 | D:1      | Borgoz the Ghoul Monk began the quest for the Orb.
     0 | D:1      | Reached XP level 1. HP: 19/19 MP: 0/0
   268 | D:1      | Reached XP level 2. HP: 25/26 MP: 1/1
   556 | D:1      | Reached XP level 3. HP: 27/31 MP: 2/2
  1109 | D:1      | Slain by a gnoll

Skill      XL: |  1  2 |
---------------+-------+-----
Short Blades   | 3 |  3.2
Fighting       | |  3.6
Armour         | |  0.9
Dodging        | |  2.9
Stealth        | |  2.7

Action                   || total
-------------------------++-------
Melee: Short sword       ||   102
  Use: Potion            ||     2
 Stab: Sleeping          ||     2
  Eat: Chunk             ||    18
Armor: Robe              ||    21
Dodge: Dodged            ||    79
